AoeStats
← taileibuxiang108

Pilgrims

509397520Analyzed
4v4 RM · 6d ago on Sep 26, 2026· 49m 56s· 8 players
Game mode
Random Map
Map size
Large (8 player)
Population
200
Speed
Normal
Resources
Standard
Victory
Conquest
Starting age
Dark Age
Ending age
Imperial Age
RankedLock teamsTeams togetherTeam positionsShared explorationLock speedFull tech treeHidden civsTurbo modeCheats
Victory
Defeat
🇨🇳 Romans · China
1255
+14
1246
+14
🇨🇷 Dravidians · Costa Rica
1222
+15
🇺🇸 Gurjaras · United States
1140
+19
🇸🇪 Franks · Sweden
1231
-17
🇩🇪 Spanish · Germany
1214
-16
🇯🇴 Malay · Jordan
1200
-15
🇩🇪 Italians · Germany
1162
-14
hurricanehoffmann
11:45 Feudal Age
15:24 Castle Age
15:34 Scale Barding Armor
15:40 Forging
15:26 Double-Bit Axe
17:08 Chain Barding Armor
17:41 Loom
20:45 Fletching
23:09 Gold Mining
26:49 Bloodlines
28:13 Husbandry
28:16 Padded Archer Armor
33:14 Wheelbarrow
34:00 Leather Archer Armor
33:31 Horse Collar
34:16 Bow Saw
35:26 Heavy Plow
39:12 Imperial Age
39:06 Hand Cart
38:37 Town Watch
39:27 Bodkin Arrow
39:28 Elite Conquistador
40:53 Ring Archer Armor
41:07 Conscription
43:50 Hoardings
jax0n
7:59 Loom
11:08 Feudal Age
13:00 Double-Bit Axe
20:48 Castle Age
20:12 Fishing Lines
20:55 Fletching
21:43 Medium Warships
22:11 Bodkin Arrow
22:22 Padded Archer Armor
23:00 Gillnets
23:55 Leather Archer Armor
24:40 Bow Saw
28:19 Ballistics
32:56 Imperial Age
33:44 Clinker Construction
33:45 Careening
34:01 Conscription
34:33 Heavy Warships
35:32 Chemistry
35:44 Carvel Hull
40:00 Silk Road
39:03 Light Cavalry
39:53 Bloodlines
39:44 Husbandry
43:59 Dry Dock
44:41 Hussar
45:28 Scale Barding Armor
Stockholm
10:29 Feudal Age
13:09 Scale Barding Armor
13:48 Forging
17:25 Loom
20:11 Fletching
26:30 Castle Age
27:59 Husbandry
30:54 Iron Casting
30:18 Gold Mining
31:08 Bodkin Arrow
32:28 Wheelbarrow
36:53 Hand Cart
37:38 Ballistics
40:58 Imperial Age
40:06 Chain Barding Armor
40:38 Gold Shaft Mining
42:51 Imperial Age
44:40 Chemistry
43:02 Cavalier
45:51 Plate Barding Armor
46:17 Blast Furnace
Koko
12:24 Feudal Age
15:34 Fishing Lines
18:25 Castle Age
17:45 Double-Bit Axe
22:02 Crossbowman
22:48 Thumb Ring
23:22 Fletching
23:56 Padded Archer Armor
Apostate of Hate
4:04 Loom
12:02 Feudal Age
19:25 Bloodlines
25:32 Castle Age
23:46 Horse Collar
24:50 Double-Bit Axe
30:31 Fletching
34:34 Wheelbarrow
34:29 Town Watch
35:09 Gold Mining
36:16 Bow Saw
35:59 Stone Mining
44:08 Kshatriyas
44:28 Husbandry
49:57 Hand Cart
folly55
3:19 Loom
11:46 Feudal Age
12:36 Double-Bit Axe
14:36 Wheelbarrow
14:29 Fletching
14:50 Forging
16:04 Town Watch
17:28 Fishing Lines
20:51 Castle Age
21:26 Gillnets
22:54 Gold Mining
25:03 Hand Cart
24:48 Town Patrol
28:48 Sanctity
37:08 Imperial Age
42:02 Scale Barding Armor
41:53 Bodkin Arrow
47:10 Thumb Ring
48:42 Bracer
50:48 Chain Barding Armor
taileibuxiang108
9:48 Loom
11:58 Feudal Age
13:45 Forging
13:25 Fletching
14:13 Double-Bit Axe
18:42 Castle Age
17:53 Horse Collar
20:13 Wheelbarrow
20:16 Man-at-Arms
21:01 Gold Mining
21:12 Long Swordsman
22:13 Bow Saw
23:04 Scale Mail Armor
23:40 Squires
30:49 Heavy Plow
36:28 Imperial Age
33:47 Pikeman
35:01 Chain Mail Armor
35:22 Iron Casting
36:07 Ballistics
36:32 Halberdier
36:37 Heavy Scorpion
37:55 Capped Ram
38:31 Legionary
39:10 Town Watch
41:55 Chemistry
43:02 Siege Ram
46:48 Siege Engineers
48:05 Stone Mining
50:24 Hand Cart
50:09 Town Patrol
DAO HAO DOG HAVE DEAD FAMILY
13:17 Feudal Age
14:11 Double-Bit Axe
19:13 Castle Age
18:47 Fishing Lines
27:43 Imperial Age
25:49 Bow Saw
27:00 Fletching
27:11 Padded Archer Armor
28:53 Bodkin Arrow
33:25 Squires
32:46 Man-at-Arms
33:02 Pikeman
34:13 Bracer
37:55 Long Swordsman
43:51 Two-Handed Swordsman
44:13 Heavy Scorpion
46:40 Padded Archer Armor
47:31 Champion
48:38 Chieftains
48:59 Conscription
Connection lost

Rejoining the realm…

Still unreachable

The connection could not be restored.

Session expired

The server has moved on; the page needs a fresh start.